Map: [ESL] Ghost River

Players

HeroMarine - Winner!

  • Race: Terran Terran
  • Spawn Location: 1:00

Reynor

  • Race: Zerg Zerg
  • Spawn Location: 11:00

Event: ESL SC2 Masters 2024 Spring (Regional)

VOD

Have the link to the VOD?

Description

Time

  • Played on: April 28, 2024, 9:15 a.m.
  • Length: 10:32

All games in this series

Show
View Real Time Build Order
Export as new Build Order

HeroMarine Terran - Winner!

Build Orders: Reaper Expand 

Get SALT Encoding   

  12  0:00  SCV  
  13  0:12  SCV  
  14  0:17  Supply Depot  
  14  0:24  SCV  
  15  0:38  SCV  
  15  0:40  Barracks  
  16  0:42  Refinery  
  16  0:51  SCV  
  17  1:03  SCV  
  18  1:15  SCV  
  19  1:27  Orbital Command, Reaper  
  20  1:39  Command Center  
  20  1:47  Supply Depot  
  20  1:52  SCV  
  21  1:58  Marine  
  22  2:04  SCV  
  23  2:11  Factory  
  23  2:16  SCV  
  23  2:21  Barracks Reactor  
  24  2:28  SCV  
  25  2:38  Command Center  
  25  2:41  SCV  
  26  2:53  SCV, Orbital Command  
  27  3:02  Hellion  
  27  3:03  Hellion  
  27  3:04  Barracks Tech Lab  
  31  3:06  SCV  
  32  3:18  SCV  
  33  3:20  Refinery  
  33  3:21  SCV  
  34  3:28  Marine x2  
  34  3:29  Siege Tank  
  34  3:30  SCV  
  34  3:33  SCV  
  41  3:34  Barracks  
  41  3:43  SCV  
  41  3:45  SCV  
  41  3:46  Marine x2  
  45  3:51  Orbital Command  
  45  3:55  SCV  
  46  3:57  SCV  
  46  4:02  Siege Tank  
  50  4:03  Marine  
  50  4:04  Barracks, Marine  
  50  4:07  SCV  
  50  4:09  SCV  
  54  4:17  SCV  
  54  4:19  SCV  
  54  4:21  SCV, Engineering Bay  
  54  4:22  Engineering Bay  
  57  4:24  Barracks Tech Lab  
  57  4:25  Supply Depot  
  57  4:29  SCV  
  58  4:31  SCV  
  58  4:33  SCV, Supply Depot  
  60  4:39  Marine  
  61  4:46  Marine  
  61  4:47  SCV x2, Stimpack  
  61  4:48  Refinery, Marine  
  61  4:50  Refinery  
  61  4:52  Terran Infantry Weapons Level 1  
  63  4:53  Supply Depot  
  63  4:54  Terran Infantry Armor Level 1  
  63  4:57  SCV  
  63  4:58  Orbital Command  
  63  4:59  SCV  
  66  5:00  Marine  
  66  5:04  Marine  
  66  5:06  Marine  
  68  5:08  Supply Depot  
  68  5:09  SCV, Marine  
  68  5:11  SCV  
  71  5:17  Marine  
  71  5:18  Factory Reactor, Supply Depot, Starport  
  71  5:21  SCV  
  71  5:22  Marine  
  71  5:23  SCV, Marine  
  71  5:25  SCV  
  75  5:29  Combat Shield, Marine  
  75  5:33  SCV  
  75  5:35  SCV, Marine  
  78  5:37  SCV  
  78  5:40  Barracks, Marine  
  78  5:42  Barracks  
  81  5:44  Marine  
  81  5:45  SCV  
  81  5:47  SCV, Marine  
  81  5:49  SCV  
  86  5:53  Marine  
  87  5:57  SCV  
  87  5:59  SCV  
  87  6:00  Supply Depot x2  
  87  6:01  SCV, Factory Tech Lab  
  87  6:02  Medivac x2  
  94  6:06  Refinery  
  94  6:07  Refinery  
  94  6:09  SCV  
  94  6:10  Marine x3  
  94  6:11  SCV, Marine  
  97  6:13  SCV, Supply Depot  
  100  6:20  Armory  
  100  6:21  SCV  
  100  6:23  SCV, Supply Depot x2  
  100  6:25  SCV  
  103  6:28  Marine x2  
  103  6:31  Siege Tank  
  109  6:34  SCV, Barracks Reactor x2  
  113  6:42  SCV x2  
  113  6:43  Marine x2  
  113  6:46  SCV  
  118  6:48  Marine x2  
  118  6:53  Command Center  
  120  6:57  Medivac x2  
  120  7:03  Siege Tank, Marine x2  
  120  7:04  Sensor Tower  
  120  7:05  Supply Depot  
  120  7:06  Marine x2  
  127  7:09  Terran Infantry Weapons Level 2, Terran Infantry Armor Level 2  
  127  7:12  Supply Depot, Terran Vehicle Weapons Level 1  
  127  7:15  Marine x4  
  130  7:20  Marine  
  130  7:21  Marine  
  132  7:23  SCV  
  132  7:24  SCV x2  
  132  7:28  Supply Depot, Marine x2  
  132  7:29  Supply Depot  
  137  7:37  Siege Tank  
  140  7:39  Factory  
  140  7:54  Barracks x2  
  140  7:55  Barracks  
  140  7:56  Medivac x2, Marine x5  
  140  7:57  Marine x2  
  150  7:59  Marine  
  151  8:08  SCV x3  
  151  8:09  Siege Tank  
  157  8:18  Supply Depot  
  157  8:19  Supply Depot  
  157  8:20  SCV x3  
  157  8:22  Supply Depot  
  157  8:26  Viking x2  
  163  8:27  Factory Tech Lab  
  163  8:32  Supply Depot  
  163  8:33  Supply Depot  
  163  8:37  Planetary Fortress  
  163  8:41  Siege Tank  
  166  8:43  Barracks Tech Lab x2  
  166  8:44  Barracks Reactor  
  166  8:47  SCV x3, Refinery  
  169  8:49  Siege Tank, Refinery  
  169  8:51  Ghost Academy  
  172  8:59  Command Center  
  171  9:06  Viking x2  
  175  9:13  Siege Tank  
  178  9:21  Siege Tank, Command Center  
  178  9:23  Command Center  
  181  9:30  Ghost x2  
  181  9:31  Ghost  
  185  9:34  Ghost  
  189  9:42  Marine x2  
  189  9:43  Marine  
  189  9:44  Marine x5  
  189  9:45  Siege Tank  
  193  9:50  Orbital Command  
  191  9:53  Siege Tank  
  178  10:00  Marine, Marauder x3  
  178  10:03  Marauder  
  178  10:04  Marine  
  178  10:05  Marine x3  
  165  10:09  Marine x2  
  165  10:10  Marine  
  158  10:14  SCV  
  158  10:15  SCV x2  
  158  10:16  SCV  
Show
View Real Time Build Order
Export as new Build Order

Reynor Zerg 

Build Orders: Hatch First 

Get SALT Encoding   

  12  0:00  Drone  
  13  0:08  Drone  
  13  0:13  Extractor  
  13  0:15  Drone  
  15  0:37  Hatchery  
  15  0:41  Extractor  
  15  0:42  Drone  
  14  0:47  Overlord  
  15  1:02  Spawning Pool  
  14  1:06  Drone  
  14  1:09  Drone  
  16  1:13  Drone  
  16  1:17  Drone  
  18  1:27  Extractor  
  18  1:28  Drone  
  18  1:39  Drone  
  19  1:49  Queen x2  
  19  1:50  Drone  
  19  1:51  Drone  
  25  2:00  Overlord  
  26  2:01  Drone  
  26  2:10  Drone  
  26  2:11  Drone  
  28  2:23  Drone x2  
  28  2:27  Queen x2  
  33  2:32  Overlord  
  33  2:33  Drone  
  34  2:42  Drone  
  34  2:43  Drone  
  36  2:53  Drone  
  36  2:54  Overlord  
  37  2:59  Drone x4  
  37  3:00  Drone x2  
  43  3:07  Drone  
  43  3:12  Roach Warren  
  43  3:15  Drone  
  44  3:24  Hatchery  
  44  3:25  Overlord  
  43  3:29  Lair  
  43  3:33  Extractor  
  43  3:34  Drone x3  
  45  3:44  Drone x3  
  45  3:46  Overlord, Drone  
  49  3:52  Roach x2  
  49  3:53  Roach  
  55  4:00  Drone  
  55  4:02  Queen  
  58  4:04  Overlord, Extractor  
  58  4:06  Extractor  
  58  4:07  Roach  
  58  4:09  Drone  
  59  4:11  Drone  
  59  4:13  Drone  
  59  4:16  Overlord  
  61  4:18  Drone x2  
  61  4:20  Drone  
  64  4:28  Drone  
  64  4:29  Infestation Pit  
  64  4:30  Drone  
  65  4:33  Overseer  
  65  4:35  Evolution Chamber, Drone  
  65  4:36  Drone  
  65  4:37  Drone  
  68  4:38  Drone  
  68  4:43  Drone x3  
  71  4:46  Overlord  
  71  4:51  Overlord  
  72  4:52  Drone  
  72  4:53  Drone  
  72  4:55  Roach  
  72  4:59  Overlord  
  75  5:02  Zerg Ground Armor Level 1  
  75  5:08  Drone x4  
  75  5:13  Hive  
  79  5:17  Overlord  
  79  5:19  Glial Reconstitution  
  79  5:21  Drone  
  79  5:22  Drone x3  
  79  5:26  Drone x2, Extractor  
  79  5:27  Extractor  
  83  5:29  Evolution Chamber  
  83  5:34  Roach x3  
  88  5:36  Drone  
  88  5:39  Spore Crawler, Drone x2  
  90  5:43  Overlord  
  90  5:45  Drone x3  
  90  5:47  Roach  
  95  5:50  Roach  
  95  5:51  Roach  
  95  5:52  Drone  
  100  5:57  Metabolic Boost, Zerg Melee Weapons Level 1  
  100  5:59  Drone  
  100  6:01  Baneling Nest  
  100  6:06  Overlord  
  100  6:19  Drone  
  100  6:20  Hatchery  
  100  6:24  Ultralisk Cavern  
  100  6:25  Drone  
  100  6:26  Overlord  
  100  6:29  Roach x2  
  104  6:37  Viper  
  104  6:39  Overlord  
  107  6:44  Overlord  
  107  6:46  Centrifugal Hooks  
  107  6:49  Overlord  
  107  6:59  Zerg Ground Armor Level 2  
  107  7:01  Overlord  
  107  7:12  Chitinous Plating  
  107  7:14  Ultralisk x2  
  119  7:16  Zergling x30  
  119  7:22  Ultralisk  
  140  7:27  Overlord  
  140  7:31  Ultralisk  
  140  7:32  Zergling x8  
  140  7:33  Drone  
  140  7:34  Drone x3  
  154  7:39  Zergling x8  
  154  7:42  Overlord  
  158  7:48  Zergling x2, Ultralisk  
  164  7:52  Zergling x2  
  164  7:54  Zerg Melee Weapons Level 2  
  165  7:59  Overlord  
  165  8:01  Drone  
  165  8:02  Drone x2  
  168  8:06  Ultralisk  
  168  8:07  Zergling x6  
  168  8:08  Zergling x12  
  168  8:12  Overlord  
  183  8:18  Overlord, Ultralisk  
  189  8:20  Zergling x2  
  190  8:28  Overlord  
  190  8:35  Adrenal Glands  
  190  8:37  Zergling x18  
  199  8:48  Zergling x2  
  200  8:55  Anabolic Synthesis  
  198  9:05  Baneling x17  
  198  9:09  Zergling x8  
  199  9:45  Zergling x26  
  165  9:54  Zergling x16  
  165  9:58  Zergling x4  
  175  10:14  Zergling x4  
Tags
 
Add a new tag
Caveats
  • Supply blocks, unpowered buildings, or Contaminate may cause inaccurate times.
  • Supply counts are checked every 10 seconds.